SA
GRIM REAPERS @ MANCELONA TORCH
08/19/2042
 
TOP OF THE 1ST
Grim Reapers batting - Pitching for Mancelona Torch : RHP Adam Wright
Pitching: RHP Adam Wright
Batting: LHB Mark Green 0-0: Called Strike
0-1: Ball
1-1: Ball
2-1: Foul Ball, location: 2F
2-2: Foul Ball, location: 2F
2-2: Ball
3-2: Fly out, F8 (Flyball, 89M, EV 91.2 MPH)
Batting: LHB Pielgrzym Myslajek 0-0: Ball
1-0: Foul Ball, location: 2F
1-1: Foul Ball, location: 2F
1-2: SINGLE (Line Drive, 7S, EV 89.4 MPH)
Batting: SHB Huang-di Shu 0-0: Ball
1-0: Fielders Choice at 2nd, 1-6 (Groundball, P, EV 70.6 MPH)
Batting: RHB Yataro Nagai 0-0: Ball
1-0: Ball
2-0: Foul Ball, location: 2F
2-1: Foul Ball, location: 2F
2-2: DOUBLE (Line Drive, 5D, EV 102.5 MPH)
Huang-di Shu to third
Runner from 3rd tries for Home, SAFE, no throw by LF
Batting: RHB Ron Burnett 0-0: Ball
1-0: Ball
2-0: Foul Ball, location: 2F
2-1: Ball
3-1: Foul Ball, location: 2F
3-2: Ground out 4-3 (Groundball, 4, EV 80.6 MPH)
Top of the 1st over - 1 run, 2 hits, 0 errors, 1 left on base; Grim 1 - Mancelona 0
BOTTOM OF THE 1ST
Mancelona Torch batting - Pitching for Grim Reapers : LHP Radislav Ciger
Pitching: LHP Radislav Ciger
Batting: RHB Glen Stockhill 0-0: Ball
1-0: Swinging Strike
1-1: Foul Ball, location: 2F
1-2: Ball
2-2: Ground out U3 (Groundball, 3, EV 85.6 MPH)
Batting: RHB Carlos Vélez 0-0: Ball
1-0: Called Strike
1-1: Foul Ball, location: 2F
1-2: Strikes out swinging
Batting: RHB Rubén Jusino 0-0: Ball
1-0: Called Strike
1-1: Ball
2-1: Ball
3-1: DOUBLE (Flyball, 8LXD, EV 98.1 MPH)
Batting: RHB Paul Sykes 0-0: Called Strike
0-1: Called Strike
0-2: Ball
1-2: Strikes out swinging
Bottom of the 1st over - 0 runs, 1 hit, 0 errors, 1 left on base; Grim 1 - Mancelona 0
TOP OF THE 2ND
Grim Reapers batting - Pitching for Mancelona Torch : RHP Adam Wright
Batting: LHB John Manley 0-0: Foul Ball, location: 2F
0-1: Ball
1-1: Fly out, F7 (Flyball, 7S, EV 88.8 MPH)
Batting: RHB Joe Holmes 0-0: Ball
1-0: Swinging Strike
1-1: SINGLE (Line Drive, 7S, EV 92.5 MPH)
Batting: SHB Danny Warner 0-0: Called Strike
0-1: Grounds into double play, 4-6-3 (Groundball, 4, EV 86.9 MPH)
Top of the 2nd over - 0 runs, 1 hit, 0 errors, 0 left on base; Grim 1 - Mancelona 0
BOTTOM OF THE 2ND
Mancelona Torch batting - Pitching for Grim Reapers : LHP Radislav Ciger
Batting: RHB Joel Fagliano 0-0: Ball
1-0: Swinging Strike
1-1: Called Strike
1-2: Foul Ball, location: 2F
1-2: DOUBLE (Line Drive, 78D, EV 107.5 MPH)
Batting: RHB Wayne Haylock 0-0: Called Strike
0-1: Foul Ball, location: 2F
0-2: Ball
1-2: Fly out, F7 (Flyball, 7S, EV 88.1 MPH)
Batting: LHB Diego Alejandro Ureña 0-0: Foul Ball, location: 2F
0-1: Ball
1-1: Ground out 6-3 (Groundball, 4M, EV 88.8 MPH)
Joel Fagliano to third
Batting: RHB Francisco Rocha 0-0: Ball
1-0: Ball
2-0: Foul Ball, location: 2F
2-1: Called Strike
2-2: Strikes out swinging
Bottom of the 2nd over - 0 runs, 1 hit, 0 errors, 1 left on base; Grim 1 - Mancelona 0
TOP OF THE 3RD
Grim Reapers batting - Pitching for Mancelona Torch : RHP Adam Wright
Batting: RHB Getoff Mylawn 0-0: Called Strike
0-1: Swinging Strike
0-2: Strikes out swinging
Batting: LHB Mark Green 0-0: Ball
1-0: Called Strike
1-1: Foul Ball, location: 2F
1-2: Ball
2-2: Foul Ball, location: 2F
2-2: Foul Ball, location: 2F
2-2: Ball
3-2: Foul Ball, location: 2F
3-2: Fly out, F8 (Flyball, 8LM, EV 84.4 MPH)
Batting: LHB Pielgrzym Myslajek 0-0: Ball
1-0: Ball
2-0: Foul Ball, location: 2F
2-1: Ball
3-1: Swinging Strike
3-2: Base on Balls
Batting: SHB Huang-di Shu 0-0: Called Strike
0-1: Ball
1-1: Ball
2-1: Called Strike
2-2: Strikes out looking
Top of the 3rd over - 0 runs, 0 hits, 0 errors, 1 left on base; Grim 1 - Mancelona 0
BOTTOM OF THE 3RD
Mancelona Torch batting - Pitching for Grim Reapers : LHP Radislav Ciger
Batting: RHB Kuan Ru 0-0: Ball
1-0: Ball
2-0: Ball
3-0: Called Strike
3-1: Called Strike
3-2: Fly out, F9 (Flyball, 89S, EV 95.0 MPH)
Batting: RHB Glen Stockhill 0-0: Foul Ball, location: 2F
0-1: Foul Ball, location: 2F
0-2: Ground out 5-3 (Groundball, 56, EV 83.8 MPH)
Batting: RHB Carlos Vélez 0-0: Foul Ball, location: 2F
0-1: DOUBLE (Line Drive, 7LS, EV 95.0 MPH)
Batting: RHB Rubén Jusino 0-0: Foul Ball, location: 2F
0-1: Hit by Pitch
Batting: RHB Paul Sykes 0-0: Foul Ball, location: 2F
0-1: Foul Ball, location: 2F
0-2: Strikes out swinging
Bottom of the 3rd over - 0 runs, 1 hit, 0 errors, 2 left on base; Grim 1 - Mancelona 0
TOP OF THE 4TH
Grim Reapers batting - Pitching for Mancelona Torch : RHP Adam Wright
Batting: RHB Yataro Nagai 0-0: Ground out 6-3 (Groundball, 6, EV 88.1 MPH)
Batting: RHB Ron Burnett 0-0: Foul Ball, location: 2F
0-1: Foul Ball, location: 2F
0-2: Ball
1-2: Fly out, F2 (Popup, 3SF, EV 80.0 MPH)
Batting: LHB John Manley 0-0: Ball
1-0: Ball
2-0: Called Strike
2-1: Ball
3-1: Called Strike
3-2: Ground out 5-3 (Groundball, 56, EV 90.0 MPH)
Top of the 4th over - 0 runs, 0 hits, 0 errors, 0 left on base; Grim 1 - Mancelona 0
BOTTOM OF THE 4TH
Mancelona Torch batting - Pitching for Grim Reapers : LHP Radislav Ciger
Batting: RHB Joel Fagliano 0-0: Called Strike
0-1: Ball
1-1: DOUBLE (Flyball, 78XD, EV 93.1 MPH)
Batting: RHB Wayne Haylock 0-0: Ball
Wild Pitch!
Joel Fagliano to third
1-0: Ball
2-0: SINGLE (Line Drive, 9S, EV 100.0 MPH)
Joel Fagliano scores
Batting: LHB Diego Alejandro Ureña 0-0: SINGLE (Line Drive, 7S, EV 113.1 MPH)
Wayne Haylock to second
Batting: RHB Francisco Rocha 0-0: Ball
1-0: Ball
2-0: Foul Ball, location: 2F
2-1: Ball
3-1: Foul Ball, location: 2F
3-2: Base on Balls
Wayne Haylock to third
Diego Alejandro Ureña to second
Batting: RHB Kuan Ru 0-0: Called Strike
0-1: Foul Ball, location: 2F
0-2: Ball
1-2: SINGLE (Groundball, 6MD, EV 101.9 MPH)
Wayne Haylock scores
Diego Alejandro Ureña to third
Francisco Rocha to second
Runner from 3rd tries for Home, SAFE, throw by CF to home
Batting: RHB Glen Stockhill 0-0: Ball
1-0: Ball
2-0: Fly out, F3 (Flyball, 3D, EV 91.2 MPH)
Batting: RHB Carlos Vélez 0-0: Called Strike
0-1: Ball
1-1: Ball
2-1: Fly out, F7 (Line Drive, 7, EV 98.8 MPH)
Batting: RHB Rubén Jusino 0-0: Ball
1-0: Called Strike
1-1: Fly out, F7 (Line Drive, 7, EV 93.1 MPH)
Bottom of the 4th over - 3 runs, 4 hits, 0 errors, 2 left on base; Grim 1 - Mancelona 3
TOP OF THE 5TH
Grim Reapers batting - Pitching for Mancelona Torch : RHP Adam Wright
Batting: RHB Joe Holmes 0-0: Ground out 4-3 (Groundball, 4, EV 80.0 MPH)
Batting: SHB Danny Warner 0-0: Called Strike
0-1: Ball
1-1: Foul Ball, location: 2F
1-2: Foul Ball, location: 2F
1-2: Ball
2-2: Ball
3-2: SINGLE (Groundball, 4D, EV 95.0 MPH)
Batting: RHB Getoff Mylawn 0-0: Ball
Wild Pitch!
Danny Warner to second
1-0: Ball
2-0: Swinging Strike
2-1: Ball
3-1: Swinging Strike
3-2: Fly out, F3 (Popup, 23F, EV 91.9 MPH)
Batting: LHB Mark Green 0-0: Swinging Strike
0-1: Ball
1-1: Ball
2-1: Ball
3-1: Ground out 4-3 (Groundball, 4, EV 107.5 MPH)
Top of the 5th over - 0 runs, 1 hit, 0 errors, 1 left on base; Grim 1 - Mancelona 3
BOTTOM OF THE 5TH
Mancelona Torch batting - Pitching for Grim Reapers : LHP Radislav Ciger
Batting: RHB Paul Sykes 0-0: Ground out U3 (Groundball, 34, EV 92.5 MPH)
Batting: RHB Joel Fagliano 0-0: Called Strike
0-1: Ball
1-1: Ball
2-1: Called Strike
2-2: Ball
3-2: Base on Balls
Pitching: RHP Bill Miller
Batting: RHB Wayne Haylock 0-0: Ball
1-0: Foul Ball, location: 2F
1-1: Foul Ball, location: 2F
1-2: Strikes out swinging
Batting: LHB Diego Alejandro Ureña 0-0: Ball
Joel Fagliano steals 2nd, throwing error, E2
Joel Fagliano to third
1-0: Ball
2-0: Foul Ball, location: 2F
2-1: SINGLE (Line Drive, 9S, EV 102.5 MPH)
Joel Fagliano scores
Batting: RHB Francisco Rocha 0-0: Ball
1-0: Ball
2-0: Called Strike
2-1: Foul Ball, location: 2F
2-2: Strikes out looking
Bottom of the 5th over - 1 run, 1 hit, 1 error, 1 left on base; Grim 1 - Mancelona 4
TOP OF THE 6TH
Grim Reapers batting - Pitching for Mancelona Torch : RHP Adam Wright
Batting: LHB Pielgrzym Myslajek 0-0: Ball
1-0: Ball
2-0: Ball
3-0: Base on Balls
Batting: SHB Huang-di Shu 0-0: Called Strike
0-1: Ball
1-1: Called Strike
1-2: Ball
2-2: Ball
3-2: DOUBLE (Line Drive, 9LS, EV 101.9 MPH)
Pielgrzym Myslajek to third
Batting: RHB Yataro Nagai 0-0: Ball
1-0: Hit by Pitch
Pitching: RHP Mun-wah Rao
Batting: RHB Ron Burnett 0-0: Ball
1-0: SINGLE (Groundball, 6, EV 83.8 MPH) (infield hit)
Pielgrzym Myslajek scores
Huang-di Shu to third
Yataro Nagai to second
Batting: LHB John Manley 0-0: Ball
1-0: Called Strike
1-1: Ball
2-1: Fly out, F4 (Line Drive, 4, EV 70.6 MPH)
Batting: RHB Joe Holmes 0-0: Ball
1-0: Fly out, F8 (Line Drive, 8RM, EV 105.6 MPH)
Runner from 3rd tags up, SCORES, throw by CF
Batting: SHB Danny Warner 0-0: Foul Ball, location: 2F
0-1: Swinging Strike
0-2: Ball
1-2: Ball
Wild Pitch!
Yataro Nagai to third
Ron Burnett to second
2-2: Foul Ball, location: 2F
2-2: Ball
3-2: Foul Ball, location: 2F
3-2: Base on Balls
Batting: RHB Getoff Mylawn 0-0: Fly out, F9 (Flyball, 89M, EV 90.6 MPH)
Top of the 6th over - 2 runs, 2 hits, 0 errors, 3 left on base; Grim 3 - Mancelona 4
BOTTOM OF THE 6TH
Mancelona Torch batting - Pitching for Grim Reapers : RHP Bill Miller
Batting: RHB Kuan Ru 0-0: Ball
1-0: Ball
2-0: Ball
3-0: Base on Balls
Batting: RHB Glen Stockhill 0-0: Ball
1-0: Foul Ball, location: 2F
1-1: Ball
2-1: Ball
3-1: Called Strike
3-2: Base on Balls
Kuan Ru to second
Batting: RHB Carlos Vélez 0-0: Ball
1-0: Sac Bunt to 15 - play at first, batter safe!
Kuan Ru to third
Glen Stockhill to second
Batting: RHB Rubén Jusino 0-0: Fly out, F9 (Flyball, 89S, EV 85.0 MPH)
Batting: RHB Paul Sykes 0-0: Swinging Strike
0-1: Ball
1-1: Ball
2-1: Ball
3-1: Foul Ball, location: 2F
3-2: Foul Ball, location: 2F
3-2: Base on Balls
Kuan Ru scores
Glen Stockhill to third
Carlos Vélez to second
Pitching: RHP Roberto Días
Batting: RHB Joel Fagliano 0-0: Grounds into fielders choice 6-2 (Groundball, 6S, EV 85.6 MPH)
Carlos Vélez to third
Paul Sykes to second
Batting: RHB Wayne Haylock 0-0: Fly out, F8 (Flyball, 8RXD, EV 88.1 MPH)
Bottom of the 6th over - 1 run, 1 hit, 0 errors, 3 left on base; Grim 3 - Mancelona 5
TOP OF THE 7TH
Grim Reapers batting - Pitching for Mancelona Torch : RHP Mun-wah Rao
Batting: LHB Mark Green 0-0: Ball
1-0: Ball
2-0: Ball
3-0: Base on Balls
Batting: LHB Pielgrzym Myslajek 0-0: Called Strike
0-1: Called Strike
0-2: Ball
1-2: Ball
2-2: Strikes out swinging
Batting: SHB Huang-di Shu 0-0: Ball
1-0: Ball
Passed Ball!
Mark Green to second
2-0: SINGLE (Groundball, 4MD, EV 97.5 MPH)
Mark Green to third
Runner from 3rd tries for Home, SAFE, throw by CF to home
Batting: RHB Yataro Nagai 0-0: Ball
1-0: Called Strike
1-1: Foul Ball, location: 2F
1-2: Foul Ball, location: 2F
1-2: Ball
2-2: Ball
3-2: Foul Ball, location: 2F
3-2: Base on Balls
Huang-di Shu to second
Pinch Runner at 2nd Norihisa Kino:
Pinch Hitting: LHB Bill Stickells 0-0: 3-RUN HOME RUN (Flyball, 9D, EV 95.0 MPH), Distance : 388 ft
Pitching: LHP Robinson Guillén
Batting: LHB John Manley 0-0: DOUBLE (Flyball, 8RXD, EV 104.4 MPH)
Batting: RHB Joe Holmes 0-0: Intentional Walk
Batting: SHB Danny Warner 0-0: Fielders Choice at 2nd, 3-6 (Groundball, 34, EV 91.9 MPH)
John Manley to third
Batting: RHB Getoff Mylawn 0-0: Ball
1-0: Called Strike
1-1: Ball
2-1: Ball
3-1: Foul Ball, location: 2F
3-2: Foul Ball, location: 2F
3-2: Foul Ball, location: 2F
3-2: Strikes out swinging
Top of the 7th over - 4 runs, 3 hits, 0 errors, 2 left on base; Grim 7 - Mancelona 5
BOTTOM OF THE 7TH
Mancelona Torch batting - Pitching for Grim Reapers : RHP Roberto Días
Now at 3B: Muralidhara Neena
Now in LF: Jim McCourtney
Batting: LHB Diego Alejandro Ureña 0-0: Ground out 6-3 (Groundball, 6M, EV 100.0 MPH)
Batting: RHB Francisco Rocha 0-0: Called Strike
0-1: Ball
1-1: Called Strike
1-2: Ball
2-2: Strikes out swinging
Batting: RHB Kuan Ru 0-0: Hit by Pitch
Batting: RHB Glen Stockhill 0-0: Called Strike
0-1: Ball
1-1: Swinging Strike
1-2: Foul Ball, location: 2F
1-2: Ball
2-2: Strikes out swinging
Bottom of the 7th over - 0 runs, 0 hits, 0 errors, 1 left on base; Grim 7 - Mancelona 5
TOP OF THE 8TH
Grim Reapers batting - Pitching for Mancelona Torch : LHP Robinson Guillén
Batting: LHB Mark Green 0-0: Ball
1-0: Ball
2-0: Foul Ball, location: 2F
2-1: Foul Ball, location: 2F
2-2: Ball
3-2: Foul Ball, location: 2F
3-2: SINGLE (Groundball, 56D, EV 108.1 MPH)
Batting: LHB Pielgrzym Myslajek 0-0: Called Strike
0-1: Ball
1-1: Foul Ball, location: 2F
1-2: Foul Ball, location: 2F
1-2: Ball
2-2: Foul Ball, location: 2F
2-2: Ball
Mark Green steals 2nd base
3-2: Foul Ball, location: 2F
3-2: SINGLE (Groundball, 34D, EV 108.1 MPH)
Mark Green to third
Batting: RHB Muralidhara Neena 0-0: Called Strike
Pielgrzym Myslajek is caught stealing 2nd base 2-4
0-1: Foul Ball, location: 2F
0-2: Ball
1-2: SINGLE (Line Drive, 34D, EV 95.6 MPH)
Mark Green scores
Batting: RHB Yataro Nagai 0-0: DOUBLE (Flyball, 8RXD, EV 100.0 MPH)
Muralidhara Neena to third
Batting: RHB Jim McCourtney 0-0: Intentional Walk
Batting: LHB John Manley 0-0: Called Strike
0-1: Ball
1-1: Called Strike
1-2: Strikes out swinging
Batting: RHB Joe Holmes 0-0: Called Strike
0-1: Called Strike
0-2: Strikes out swinging
Top of the 8th over - 1 run, 4 hits, 0 errors, 3 left on base; Grim 8 - Mancelona 5
BOTTOM OF THE 8TH
Mancelona Torch batting - Pitching for Grim Reapers : RHP Roberto Días
Now in CF: Ron Lott
Batting: RHB Carlos Vélez 0-0: DOUBLE (Line Drive, 5D, EV 96.2 MPH)
Batting: RHB Rubén Jusino 0-0: SINGLE (Groundball, 34D, EV 101.2 MPH)
Carlos Vélez to third
Batting: RHB Paul Sykes 0-0: Fly out, F7 (Flyball, 78S, EV 96.2 MPH)
Pitching: RHP Yoichi Amano
Batting: RHB Joel Fagliano 0-0: Swinging Strike
0-1: Ball
1-1: SINGLE (Flyball, 7LS, EV 91.9 MPH)
Carlos Vélez scores
Rubén Jusino to second
Batting: RHB Wayne Haylock 0-0: Called Strike
0-1: Ball
1-1: Called Strike
1-2: SINGLE (Line Drive, 6M, EV 103.8 MPH)
Rubén Jusino to third
Joel Fagliano to second
Pitching: RHP Josse Gavicho
Batting: LHB Diego Alejandro Ureña 0-0: Ball
1-0: Swinging Strike
1-1: Ball
2-1: Ball
3-1: Base on Balls
Rubén Jusino scores
Joel Fagliano to third
Wayne Haylock to second
Pinch Hitting: LHB Sozui Amano 0-0: Foul Ball, location: 2F
0-1: Ball
1-1: Swinging Strike
1-2: Strikes out swinging
Batting: RHB Kuan Ru 0-0: Fly out, F8 (Line Drive, 8RM, EV 84.4 MPH)
Bottom of the 8th over - 2 runs, 4 hits, 0 errors, 3 left on base; Grim 8 - Mancelona 7
TOP OF THE 9TH
Grim Reapers batting - Pitching for Mancelona Torch : LHP Robinson Guillén
Now in LF: Thiago Cicerón
Batting: SHB Danny Warner 0-0: Called Strike
0-1: Swinging Strike
0-2: Ball
1-2: Ball
2-2: Foul Ball, location: 2F
2-2: Strikes out swinging
Batting: RHB Getoff Mylawn 0-0: Called Strike
0-1: Fly out, F3 (Popup, 3L, EV 78.8 MPH)
Batting: LHB Mark Green 0-0: SINGLE (Flyball, 56D, EV 88.8 MPH)
Batting: LHB Pielgrzym Myslajek 0-0: Ball
1-0: Foul Ball, location: 2F
1-1: Foul Ball, location: 2F
Pickoff Throw to First - Out! 1-3
Top of the 9th over - 0 runs, 1 hit, 0 errors, 0 left on base; Grim 8 - Mancelona 7
BOTTOM OF THE 9TH
Mancelona Torch batting - Pitching for Grim Reapers : RHP Josse Gavicho
Batting: RHB Glen Stockhill 0-0: Ball
1-0: Ball
2-0: Called Strike
2-1: Ball
3-1: Foul Ball, location: 2F
3-2: Foul Ball, location: 2F
3-2: Foul Ball, location: 2F
3-2: Base on Balls
Batting: RHB Carlos Vélez 0-0: Ball
1-0: Bunted foul
1-1: Sac Bunt to 13S - play at first, batter OUT! 1-4
Glen Stockhill to second
Batting: RHB Rubén Jusino 0-0: Called Strike
0-1: Called Strike
0-2: Strikes out swinging
Batting: RHB Paul Sykes 0-0: Foul Ball, location: 2F
0-1: Foul Ball, location: 2F
0-2: Strikes out looking
Bottom of the 9th over - 0 runs, 0 hits, 0 errors, 1 left on base; Grim 8 - Mancelona 7
Friday, March 26th, 2021 - OOTP Baseball 20.8 Build 74